Map: Inside and Out

Players

Dolan - Winner!

  • Race: Terran Terran
  • Spawn Location: 7:00

Zain

  • Race: Protoss Protoss
  • Spawn Location: 1:00

Event: DreamHack SC2 Masters 2022 Atlanta (Offline)

VOD

Have the link to the VOD?

Description

Time

  • Played on: Nov. 18, 2022, 12:25 p.m.
  • Length: 40:34

All games in this series

Show
View Real Time Build Order
Export as new Build Order

Dolan Terran - Winner!

Build Orders: Cyclone Opening 

Get SALT Encoding   

  12  0:01  SCV  
  13  0:13  SCV  
  14  0:16  Supply Depot  
  14  0:25  SCV  
  15  0:38  SCV  
  15  0:40  Barracks  
  16  0:42  Refinery  
  16  0:50  SCV  
  16  0:52  Refinery  
  17  1:02  SCV  
  18  1:07  Supply Depot  
  18  1:14  SCV  
  19  1:27  Reaper, Orbital Command  
  20  1:42  Factory  
  20  1:53  SCV  
  21  2:05  SCV  
  22  2:15  Command Center  
  22  2:20  SCV  
  22  2:22  Barracks Reactor  
  23  2:28  Factory Tech Lab  
  23  2:32  SCV  
  24  2:39  Starport  
  24  2:44  SCV  
  24  2:46  Cyclone  
  28  2:51  Supply Depot  
  28  2:57  SCV  
  29  3:00  Marine x2  
  31  3:10  SCV  
  31  3:22  SCV  
  31  3:25  Marine x2  
  34  3:28  Banshee, Cloaking Field  
  34  3:29  Factory Tech Lab  
  37  3:37  SCV  
  38  3:43  Orbital Command  
  38  3:44  Marine  
  38  3:45  Marine  
  40  3:53  Siege Tank  
  43  4:07  SCV  
  44  4:11  SCV  
  45  4:19  SCV  
  45  4:20  Marine x2  
  45  4:21  Supply Depot, Raven  
  43  4:39  SCV x2, Marine x2  
  43  4:45  Siege Tank  
  50  4:56  SCV x2  
  50  4:57  Marine x2  
  54  5:07  Banshee  
  54  5:08  SCV x2  
  54  5:11  Command Center  
  59  5:22  Marine x2  
  61  5:38  SCV  
  62  5:57  SCV x2, Marine  
  62  6:02  Marine  
  62  6:03  Siege Tank  
  61  6:09  SCV x2  
  61  6:15  Marine  
  60  6:19  Marine  
  60  6:21  SCV  
  60  6:22  Banshee  
  60  6:23  SCV  
  66  6:31  Barracks x2  
  66  6:33  SCV  
  66  6:35  SCV  
  63  6:44  Siege Tank  
  63  6:45  Marine x2  
  63  6:46  SCV  
  68  6:47  SCV  
  58  7:02  SCV x2  
  59  7:13  Orbital Command  
  59  7:14  SCV x2  
  61  7:19  Refinery x2  
  61  7:20  Engineering Bay, Banshee, Siege Tank  
  61  7:22  Barracks x2, Barracks Tech Lab  
  67  7:23  Barracks Tech Lab  
  67  7:30  Marine x2  
  67  7:33  SCV x2  
  71  7:42  Marauder x2  
  71  7:43  Stimpack  
  75  7:48  Marine x2  
  76  8:05  SCV  
  77  8:12  SCV, Marauder  
  77  8:16  Starport Reactor  
  77  8:18  Supply Depot  
  77  8:19  Supply Depot  
  77  8:20  Supply Depot  
  77  8:21  SCV, Siege Tank, Marine x2, Marauder  
  77  8:22  Orbital Command  
  85  8:33  Barracks Reactor  
  85  8:37  Supply Depot  
  85  8:38  Supply Depot  
  85  8:39  Marine x2  
  85  8:40  SCV x2  
  89  8:42  Terran Infantry Weapons Level 1  
  88  8:48  Marine  
  88  8:49  Marauder  
  88  8:50  SCV  
  88  8:52  SCV x2  
  91  8:57  Marine  
  91  8:58  Marauder  
  93  9:02  SCV  
  93  9:04  SCV  
  93  9:06  Marine  
  94  9:10  Marauder  
  94  9:14  Refinery, Barracks Tech Lab  
  94  9:15  Marine  
  94  9:19  Marauder  
  91  9:31  Marauder  
Show
View Real Time Build Order
Export as new Build Order

Zain Protoss 

Build Orders: 1 Gate Expand, Blink Stalkers, Dark Templar Rush 

Get SALT Encoding   

  12  0:00  Probe  
  13  0:12  Probe  
  14  0:17  Pylon  
  14  0:24  Probe (Chrono Boost)  
  16  0:35  Gateway  
  16  0:36  Probe (Chrono Boost)  
  16  0:43  Probe (Chrono Boost)  
  16  0:45  Assimilator  
  17  0:50  Probe  
  18  1:03  Probe  
  19  1:15  Probe  
  20  1:22  Cybernetics Core  
  20  1:33  Nexus  
  20  1:39  Pylon  
  20  1:45  Assimilator  
  20  1:49  Probe  
  21  1:56  Adept (Chrono Boost)  
  21  1:59  Warp Gate  
  23  2:01  Probe  
  24  2:13  Probe  
  25  2:18  Twilight Council  
  25  2:25  Probe  
  26  2:33  Stalker (Chrono Boost)  
  28  2:37  Pylon  
  28  2:38  Probe  
  29  2:45  Shield Battery  
  29  2:48  Probe  
  29  2:50  Probe  
  31  2:56  Dark Shrine  
  31  3:02  Probe  
  32  3:07  Probe  
  33  3:14  Probe  
  33  3:16  Gateway  
  33  3:17  Blink (Chrono Boost)  
  35  3:20  Probe  
  35  3:26  Probe  
  36  3:32  Probe  
  37  3:38  Probe  
  38  3:41  Assimilator  
  38  3:44  Probe  
  39  3:50  Probe  
  40  3:56  Probe  
  40  4:00  Nexus  
  41  4:03  Probe  
  41  4:08  Probe  
  41  4:09  Dark Templar  
  45  4:15  Probe  
  46  4:28  Probe  
  45  4:33  Probe, Pylon  
  45  4:35  Gateway  
  45  4:36  Gateway  
  44  4:40  Probe  
  44  4:41  Robotics Facility  
  45  4:47  Gateway  
  44  4:54  Shield Battery  
  44  4:59  Stalker  
  45  5:02  Probe  
  45  5:09  Pylon  
  44  5:20  Charge  
  42  5:23  Gateway  
  42  5:29  Observer, Stalker  
  42  5:30  Stalker x2  
  47  5:42  Probe x2  
  49  5:47  Stalker  
  47  6:02  Stalker x3  
  40  6:07  Probe  
  40  6:08  Probe  
  41  6:22  Zealot x2  
  30  6:40  Stalker x3  
  32  6:49  Stalker  
  34  6:58  Robotics Facility  
  34  7:05  Stalker  
  36  7:12  Probe  
  36  7:13  Probe  
  38  7:16  Probe  
  39  7:25  Pylon  
  39  7:26  Probe (Chrono Boost)  
  39  7:29  Stalker x2  
  43  7:31  Probe (Chrono Boost)  
  46  7:41  Probe (Chrono Boost)  
  46  7:42  Probe (Chrono Boost)  
  46  7:43  Probe (Chrono Boost)  
  47  7:48  Observer (Chrono Boost), Probe  
  47  7:49  Probe  
  46  7:53  Probe  
  46  7:58  Stalker  
  36  8:08  Probe x2  
  38  8:16  Probe  
  39  8:20  Probe  
  39  8:21  Observer (Chrono Boost)  
  39  8:25  Probe  
  42  8:32  Probe  
  42  8:33  Sentry  
  45  8:34  Probe  
  45  8:35  Zealot  
  45  8:39  Probe  
  49  9:02  Stalker x3  
  43  9:20  Zealot x2  
Tags
 
Add a new tag
Caveats
  • Supply blocks, unpowered buildings, or Contaminate may cause inaccurate times.
  • Supply counts are checked every 10 seconds.